[Event "Titled Tuesday Blitz August 15 Late 2023"]
[White "Labussiere, Yago"]
[Black "Hua, Lefong"]
[WhiteFideId "2186969"]
[BlackFideId "2602253"]
[WhiteElo "2382"]
[BlackElo "2703"]
[Result "0-1"]
[Round "1"]
[TimeControl "180+1"]
[Date "2023.08.15"]
[WhiteClock "0:00:08"]
[BlackClock "0:01:10"]
[Board "89"]

1. c4 Nf6 2. Nc3 g6 3. e4 d6 4. d4 Bg7 5. Be2 O-O 6. Nf3 Bg4 7. Ng1 Bxe2 8. Ngxe2 c5 9. O-O cxd4 10. Nxd4 Nc6 11. Be3 Rc8 12. f3 Qa5 13. Nxc6 Rxc6 14. Nd5 Nxd5 15. cxd5 Rc7 16. Qb3 Rfc8 17. Rf2 b6 18. g3 Rc4 19. a3 h5 20. Kg2 Qa6 21. Re1 Qb7 22. Ree2 Qc7 23. Bg5 Bd4 24. Be3 Qc5 25. Bxd4 Qxd4 26. Rc2 R8c5 27. Rxc4 Rxc4 28. Rc2 Rc5 29. Rxc5 bxc5 30. Qc3 Qd1 31. b4 Qe2+ 32. Kg1 c4 33. b5 Qd1+ 34. Kg2 Qb3 35. Qc1 c3 36. Kf2 Qb2+ 0-1


[Site "https://www.chess.com"]

[Event "Titled Tuesday Blitz August 15 Late 2023"]
[White "Papasimakopoulos, Alexandros"]
[Black "Tarasova, Viktoriya"]
[WhiteFideId "4244125"]
[BlackFideId "4175840"]
[WhiteElo "2701"]
[BlackElo "2380"]
[Result "1-0"]
[Round "1"]
[TimeControl "180+1"]
[Date "2023.08.15"]
[WhiteClock "0:01:49"]
[BlackClock "0:00:32"]
[Board "90"]

1. d4 Nf6 2. c4 e6 3. Nc3 Bb4 4. Qc2 d5 5. cxd5 exd5 6. Bg5 h6 7. Bh4 O-O 8. e3 c5 9. dxc5 Nbd7 10. a3 Qa5 11. Rc1 Bxc3+ 12. Qxc3 Qxc3+ 13. Rxc3 Ne4 14. c6 bxc6 15. Rxc6 Ne5 16. Rc7 Be6 17. f3 g5 18. fxe4 gxh4 19. exd5 Bxd5 20. Rc5 Rad8 21. e4 Ng4 22. Rxd5 Rxd5 23. exd5 Re8+ 24. Be2 Ne3 25. Kf2 Nxd5 26. Nf3 Nf4 27. Re1 h3 28. g3 1-0


[Site "https://www.chess.com"]

[Event "Titled Tuesday Blitz August 15 Late 2023"]
[White "rionelG"]
[Black "Volovich, Vasily"]
[BlackFideId "34169676"]
[WhiteElo "2379"]
[BlackElo "2699"]
[Result "0-1"]
[Round "1"]
[TimeControl "180+1"]
[Date "2023.08.15"]
[WhiteClock "0:00:00"]
[BlackClock "0:00:12"]
[Board "91"]

1. e4 e6 2. d3 d5 3. Nd2 Nf6 4. g3 dxe4 5. dxe4 Nc6 6. Bg2 e5 7. Ngf3 Bc5 8. O-O O-O 9. c3 a5 10. a4 b6 11. h3 Ba6 12. Re1 Qd7 13. Nb3 Qxd1 14. Rxd1 Nxe4 15. Nxc5 Nxc5 16. b4 Nb3 17. Rb1 Nxc1 18. Rbxc1 Be2 19. Re1 axb4 20. cxb4 Bxf3 21. Bxf3 Nd4 22. Bxa8 Rxa8 23. Rxc7 Nf3+ 24. Kf1 Nxe1 25. Kxe1 Kf8 26. Rb7 Rxa4 27. Rxb6 Ra2 28. Rb7 Rb2 29. Kf1 h5 30. h4 g6 31. b5 Kg7 32. b6 Kf6 33. Rb8 Kf5 34. Kg2 e4 35. Kf1 Kg4 36. Rf8 f5 37. Rf6 Kf3 38. Ke1 Rb1+ 39. Kd2 Kxf2 40. Rxg6 e3+ 41. Kc2 Rb5 42. Re6 e2 43. b7 Rxb7 44. Re5 e1=Q 0-1


[Site "https://www.chess.com"]

[Event "Titled Tuesday Blitz August 15 Late 2023"]
[White "Fiorito, Joaquin"]
[Black "Srdanovic, Jovana"]
[WhiteFideId "180173"]
[BlackFideId "954810"]
[WhiteElo "2697"]
[BlackElo "2378"]
[Result "0-1"]
[Round "1"]
[TimeControl "180+1"]
[Date "2023.08.15"]
[WhiteClock "0:00:17"]
[BlackClock "0:00:07"]
[Board "92"]

1. d4 d5 2. c4 c6 3. Nc3 Nf6 4. Nf3 dxc4 5. a4 Bf5 6. Ne5 e6 7. f3 Bb4 8. e4 Bxe4 9. fxe4 Nxe4 10. Bd2 Qxd4 11. Nxe4 Qxe4+ 12. Qe2 Bxd2+ 13. Kxd2 Qd5+ 14. Kc1 Na6 15. Qe3 Nb4 16. Nxc4 O-O 17. Qd2 Qc5 18. Qd6 Qg5+ 19. Kb1 a5 20. Bd3 Rad8 21. Qg3 Qxg3 22. Bxh7+ Kxh7 23. hxg3+ Kg8 24. Nxa5 Rd2 25. Nxb7 Rb8 26. Nc5 Nd5 27. Ra2 Nc3+ 28. Kc1 Nxa2+ 29. Kxd2 Rxb2+ 30. Kd3 Rxg2 31. Ra1 Rxg3+ 32. Kc4 Rc3+ 33. Kd4 Ra3 34. Rb1 f6 35. Rb8+ Kh7 36. Ra8 e5+ 37. Ke4 Kg6 38. Ne6 Nc3+ 39. Kd3 Nxa4+ 40. Kc2 Ra2+ 41. Kb3 Ra1 42. Kc2 e4 43. Ra7 Ra2+ 44. Kc1 Nc3 45. Rxg7+ Kf5 46. Nd4+ Kf4 47. Nc2 e3 48. Rf7 Ne2+ 49. Kb1 Nc3+ 50. Kc1 f5 51. Re7 e2 52. Kd2 Ne4+ 53. Kxe2 Rxc2+ 54. Kd1 Rd2+ 55. Ke1 Rh2 56. Kd1 Ke3 57. Rd7 f4 58. Kc1 f3 59. Rd1 Nc3 60. Re1+ Kf4 61. Rf1 Ne2+ 62. Kb1 f2 63. Kc2 Ng3 64. Rc1 f1=Q+ 65. Kb3 Qd3+ 66. Rc3 Qb5+ 67. Ka3 Qa5+ 68. Kb3 Qa2+ 69. Kb4 Rb2+ 70. Kc5 Qa5+ 71. Kd6 Qxc3 72. Kc7 Rb7+ 73. Kxb7 c5 74. Kc6 c4 75. Kb5 Qd3 76. Kb4 c3 77. Ka3 c2+ 78. Kb2 Qd1 79. Ka2 c1=R 80. Kb2 Rb1+ 81. Ka2 Qb3# 0-1


[Site "https://www.chess.com"]

[Event "Titled Tuesday Blitz August 15 Late 2023"]
[White "Topalov, Aleksandar"]
[Black "Djordjevic, Vuk"]
[WhiteFideId "925659"]
[BlackFideId "902098"]
[WhiteElo "2375"]
[BlackElo "2696"]
[Result "0-1"]
[Round "1"]
[TimeControl "180+1"]
[Date "2023.08.15"]
[WhiteClock "0:00:00"]
[BlackClock "0:00:14"]
[Board "93"]

1. b3 e5 2. Bb2 Nc6 3. c4 g6 4. Nc3 Bg7 5. g3 d6 6. Bg2 Be6 7. a3 Qd7 8. e3 Nge7 9. Nd5 O-O 10. Ne2 Nd8 11. O-O Nxd5 12. cxd5 Bh3 13. Rc1 Bxg2 14. Kxg2 c6 15. dxc6 Nxc6 16. d4 Rfd8 17. d5 Ne7 18. e4 f5 19. f3 Bh6 20. Rc4 Rac8 21. Qc2 Rxc4 22. Qxc4 Rc8 23. Qd3 Qc7 24. Bc3 Qb6 25. b4 Qe3 26. Rd1 fxe4 27. fxe4 Kg7 28. Qxe3 Bxe3 29. Rd3 Bh6 30. h4 Ng8 31. Rf3 Nf6 32. Nf4 Bxf4 33. gxf4 Nxe4 34. Ba1 Rc2+ 35. Kh3 Ra2 36. fxe5 Rxa1 37. e6 Nf6 38. e7 Re1 39. Re3 Rxe3+ 0-1


[Site "https://www.chess.com"]

[Event "Titled Tuesday Blitz August 15 Late 2023"]
[White "Dourerassou, Jonathan"]
[Black "Silva Lucena, Cristian"]
[WhiteFideId "628050"]
[BlackFideId "2232588"]
[WhiteElo "2695"]
[BlackElo "2375"]
[Result "1-0"]
[Round "1"]
[TimeControl "180+1"]
[Date "2023.08.15"]
[WhiteClock "0:02:17"]
[BlackClock "0:01:32"]
[Board "94"]

1. d4 Nf6 2. Bg5 e6 3. e4 h6 4. Bxf6 Qxf6 5. Nf3 d5 6. Nc3 dxe4 7. Nxe4 Qd8 8. Bd3 Be7 9. Qe2 b6 10. O-O-O Bb7 11. Bb5+ c6 12. Bd3 Nd7 13. Ne5 Qc7 14. f4 Nf6 15. Rhe1 a6 16. c3 c5 17. dxc5 bxc5 18. Nxf6+ Bxf6 19. Bb5+ axb5 20. Qxb5+ Kf8 21. Rd7 Bc6 22. Qxc5+ Kg8 23. Rxc7 1-0


[Site "https://www.chess.com"]

[Event "Titled Tuesday Blitz August 15 Late 2023"]
[White "Fernandez Siles, Luis"]
[Black "Hoang, Thi Bao Tram"]
[WhiteFideId "2209420"]
[BlackFideId "12401102"]
[WhiteElo "2371"]
[BlackElo "2682"]
[Result "1/2-1/2"]
[Round "1"]
[TimeControl "180+1"]
[Date "2023.08.15"]
[WhiteClock "0:00:59"]
[BlackClock "0:00:07"]
[Board "95"]

1. e4 c6 2. d4 d5 3. exd5 cxd5 4. c4 Nf6 5. Nc3 Nc6 6. Bg5 Ne4 7. Nxe4 dxe4 8. d5 Ne5 9. Qd4 f6 10. Bd2 Bf5 11. f4 exf3 12. Nxf3 Nxf3+ 13. gxf3 e5 14. Qe3 Qc7 15. Bd3 Bc5 16. Qe2 Bxd3 17. Qxd3 a5 18. Rc1 O-O 19. Be3 f5 20. O-O Ra6 21. Kh1 Bxe3 22. Qxe3 Rh6 23. c5 Re8 24. d6 Qd8 25. Qb3+ Kh8 26. Qxb7 Qg5 27. d7 Rd8 28. Rc2 Qe7 29. c6 e4 30. Qc7 exf3 31. Qxd8+ Qxd8 32. c7 Rxh2+ 33. Kxh2 Qh4+ 34. Kg1 Qg3+ 35. Kh1 Qh3+ 36. Kg1 Qg3+ 37. Kh1 Qh3+ 38. Kg1 Qg3+ 1/2-1/2


[Site "https://www.chess.com"]

[Event "Titled Tuesday Blitz August 15 Late 2023"]
[White "Bjelobrk, Igor"]
[Black "Beulen, Marcel"]
[WhiteFideId "4300726"]
[BlackFideId "1001450"]
[WhiteElo "2670"]
[BlackElo "2367"]
[Result "1-0"]
[Round "1"]
[TimeControl "180+1"]
[Date "2023.08.15"]
[WhiteClock "0:00:38"]
[BlackClock "0:00:05"]
[Board "96"]

1. d4 d5 2. c4 c6 3. Nf3 Nf6 4. Qc2 dxc4 5. e4 b5 6. b3 cxb3 7. axb3 e6 8. Bd3 Bb7 9. O-O Nbd7 10. Rd1 Be7 11. Nc3 h6 12. h3 a6 13. Qe2 Qb6 14. Bb2 Rd8 15. Bb1 Qc7 16. Rc1 Qb8 17. e5 Nd5 18. Ne4 Rc8 19. h4 c5 20. h5 cxd4 21. Rxc8+ Qxc8 22. Bxd4 O-O 23. g3 f5 24. exf6 N7xf6 25. Ned2 Qe8 26. Bg6 Qc6 27. Re1 Bb4 28. Qxe6+ Qxe6 29. Rxe6 Rc8 30. Ne4 Nxe4 31. Bxe4 Rc7 32. Re8+ Bf8 33. Rb8 Bc6 34. Bc5 Rf7 35. Ne5 Rf6 36. Nxc6 Rxc6 37. Bxd5+ 1-0


[Site "https://www.chess.com"]

[Event "Titled Tuesday Blitz August 15 Late 2023"]
[White "petr577"]
[Black "Rastbod, Ali"]
[BlackFideId "12567477"]
[WhiteElo "2362"]
[BlackElo "2668"]
[Result "1/2-1/2"]
[Round "1"]
[TimeControl "180+1"]
[Date "2023.08.15"]
[WhiteClock "0:00:10"]
[BlackClock "0:00:05"]
[Board "97"]

1. d4 d5 2. c4 e6 3. Nf3 a6 4. g3 dxc4 5. Bg2 b5 6. O-O Bb7 7. a4 Nf6 8. b3 cxb3 9. Qxb3 Bd5 10. Qb2 b4 11. Bg5 a5 12. Nbd2 Be7 13. Rac1 O-O 14. Rc2 Na6 15. Rfc1 Rc8 16. Bxf6 Bxf6 17. e4 Bb7 18. Ne5 c5 19. dxc5 Qc7 20. f4 Rfd8 21. Nb3 Nb8 22. Rd2 Rxd2 23. Qxd2 Bxe5 24. fxe5 Nc6 25. Qd6 h6 26. Rd1 Nxe5 27. Qxc7 Rxc7 28. Nxa5 Ba6 29. c6 Kf8 30. Bf1 Bxf1 31. Kxf1 Ke7 32. Rb1 Nxc6 33. Nxc6+ Rxc6 34. Rxb4 Rc2 35. Kg1 Ra2 36. e5 g5 37. g4 Kf8 38. h3 Kg7 39. Kf1 Kg6 40. Kg1 h5 41. Kh1 hxg4 42. hxg4 Re2 43. a5 Rxe5 44. Ra4 Rb5 45. a6 Rb8 46. a7 Ra8 47. Kg2 Kf6 48. Kf3 Ke5 49. Ra5+ Kd6 50. Ke4 Ke7 51. Ra6 Kf6 52. Kd4 Ke7 53. Kc5 f5 54. gxf5 exf5 55. Kd5 g4 56. Ke5 g3 57. Ra2 Kd7 58. Kxf5 Kc6 59. Kf4 Kb7 60. Kxg3 Rxa7 61. Rb2+ Ka8 62. Kf4 Rb7 63. Rd2 Rb4+ 64. Ke5 Rb6 65. Kd5 Ka7 66. Kc5 Rh6 67. Rd7+ Kb8 68. Kb5 Kc8 69. Rd5 Kc7 70. Kc5 Rc6+ 71. Kd4 Rb6 72. Ke5 Rc6 73. Kd4 Rd6 74. Kc5 Rxd5+ 75. Kxd5 1/2-1/2


[Site "https://www.chess.com"]

[Event "Titled Tuesday Blitz August 15 Late 2023"]
[White "Veiga, Jose Francisco R P Neves"]
[Black "Vasques, Antonio Pedro Freixial"]
[WhiteFideId "1930087"]
[BlackFideId "1908332"]
[WhiteElo "2664"]
[BlackElo "2362"]
[Result "1/2-1/2"]
[Round "1"]
[TimeControl "180+1"]
[Date "2023.08.15"]
[WhiteClock "0:00:03"]
[BlackClock "0:00:11"]
[Board "98"]

1. c4 b6 2. Nc3 Bb7 3. e4 c5 4. g3 Nc6 5. Bg2 e6 6. Nge2 g6 7. a3 Bg7 8. Rb1 Nge7 9. b4 d6 10. O-O O-O 11. d3 Qd7 12. Be3 Nd4 13. f4 f5 14. bxc5 dxc5 15. Nb5 Nxe2+ 16. Qxe2 a6 17. Na7 Rxa7 18. Rxb6 Nc8 19. Rb3 Bd4 20. Rfb1 Nd6 21. e5 Bxg2 22. Kxg2 Nf7 23. Rb6 Rc8 24. Qf3 Rcc7 25. Rb8+ Kg7 26. R1b6 Nh6 27. Bxd4 cxd4 28. Rd6 Qe7 29. Rxd4 Rd7 30. Rxd7 Rxd7 31. Rb6 Qxa3 32. Rxe6 Ng4 33. Kh3 Qb2 34. Qg2 Qxg2+ 35. Kxg2 Rxd3 36. h3 Ne3+ 37. Kf2 Nxc4 38. Rxa6 Rb3 39. Ra7+ Kh6 40. Rd7 Rb2+ 41. Kf3 Nd2+ 42. Ke3 Ne4 43. g4 Rb3+ 44. Kd4 Rxh3 45. g5+ Nxg5 46. fxg5+ Kxg5 47. e6 Rh4+ 48. Kd5 Re4 49. Rxh7 Kf6 50. Rf7+ Kg5 51. Rh7 Re1 52. e7 f4 53. Rf7 Kg4 54. Rf6 g5 55. Re6 Rxe6 56. Kxe6 f3 57. e8=Q f2 58. Qb5 Kf3 59. Qf1 g4 60. Ke5 g3 61. Qh3 Ke2 62. Qg2 Ke1 63. Qe4+ Kf1 64. Qh1+ Ke2 65. Qe4+ Kf1 66. Qh1+ Ke2 67. Qe4+ Kf1 1/2-1/2


[Site "https://www.chess.com"]

[Event "Titled Tuesday Blitz August 15 Late 2023"]
[White "Kekic, Armin"]
[Black "Mikhailov, Viacheslav"]
[WhiteFideId "14401274"]
[BlackFideId "4187369"]
[WhiteElo "2359"]
[BlackElo "2658"]
[Result "0-1"]
[Round "1"]
[TimeControl "180+1"]
[Date "2023.08.15"]
[WhiteClock "0:00:11"]
[BlackClock "0:02:23"]
[Board "99"]

1. e4 c5 2. Nf3 Nc6 3. d4 cxd4 4. Nxd4 g6 5. Nc3 Bg7 6. Be3 d6 7. Qd2 Nf6 8. f3 O-O 9. O-O-O Nxd4 10. Bxd4 Be6 11. Kb1 Re8 12. g4 Qa5 13. h4 Rac8 14. Nd5 Qxd2 15. Nxf6+ Bxf6 16. Rxd2 Bxd4 17. Rxd4 Rc5 18. c3 Kg7 19. h5 gxh5 20. gxh5 Kh6 21. f4 Rxh5 22. Rxh5+ Kxh5 23. Be2+ Bg4 24. Bxg4+ Kxg4 25. e5 Rd8 26. exd6 Rxd6 27. Re4 e6 28. Kc2 h5 29. Ra4 a6 30. Rb4 b6 31. Re4 Rd5 32. c4 Rf5 33. Kd3 h4 34. b4 h3 35. Re2 Kxf4 36. Re4+ Kg3 0-1


[Site "https://www.chess.com"]

[Event "Titled Tuesday Blitz August 15 Late 2023"]
[White "Valenzuela Gomez, Fernando"]
[Black "Polaczek, Richard"]
[WhiteFideId "3409392"]
[BlackFideId "200026"]
[WhiteElo "2648"]
[BlackElo "2358"]
[Result "0-1"]
[Round "1"]
[TimeControl "180+1"]
[Date "2023.08.15"]
[WhiteClock "0:00:25"]
[BlackClock "0:00:51"]
[Board "100"]

1. d4 Nf6 2. c4 e6 3. Nc3 Bb4 4. e3 O-O 5. Bd2 d5 6. Nf3 b6 7. cxd5 exd5 8. Bd3 Bb7 9. O-O Nbd7 10. Ne5 Bd6 11. f4 c5 12. Be1 cxd4 13. exd4 Ne4 14. Nxe4 dxe4 15. Bc4 Rc8 16. Bb3 Ba6 17. Rf2 Qe7 18. Bc3 Nf6 19. g4 Bb7 20. d5 Bc5 21. g5 Bxf2+ 22. Kxf2 Nxd5 23. Bxd5 Rcd8 24. Qh5 Rxd5 25. Ng4 e3+ 26. Kg3 e2 27. Re1 Rd3+ 28. Kh4 Qe4 29. Bxg7 Qxf4 30. Bxf8 Bg2 0-1


[Site "https://www.chess.com"]

[Event "Titled Tuesday Blitz August 15 Late 2023"]
[White "Gatterer, Florian"]
[Black "Nefedov, Sergey"]
[WhiteFideId "811688"]
[BlackFideId "24113417"]
[WhiteElo "2357"]
[BlackElo "2641"]
[Result "0-1"]
[Round "1"]
[TimeControl "180+1"]
[Date "2023.08.15"]
[WhiteClock "0:00:29"]
[BlackClock "0:01:05"]
[Board "101"]

1. d4 d5 2. Nf3 Nf6 3. Bf4 c6 4. e3 Qb6 5. Qc1 Bg4 6. Be2 Nbd7 7. O-O e6 8. c4 c5 9. Nc3 Bxf3 10. dxc5 Bxc5 11. Na4 Bxe2 12. Nxb6 Bxb6 13. Re1 Bxc4 14. Bd6 Ne4 15. Ba3 f6 16. Qd1 Kf7 17. Rc1 Rhc8 18. Qh5+ Kg8 19. b3 Bb5 20. Qg4 f5 21. Qf4 Bc6 22. h4 Bc7 23. Qf3 Ne5 24. Qe2 Ba5 25. Bb2 Bxe1 26. Bxe5 Bxf2+ 27. Kf1 Bxh4 28. Qh5 Bb5+ 29. Kg1 Rxc1+ 30. Kh2 Bg3+ 31. Bxg3 Rh1+ 0-1


[Site "https://www.chess.com"]

[Event "Titled Tuesday Blitz August 15 Late 2023"]
[White "Omelja, Artem"]
[Black "Bryant, Todd"]
[WhiteFideId "14119846"]
[BlackFideId "2031299"]
[WhiteElo "2637"]
[BlackElo "2356"]
[Result "1/2-1/2"]
[Round "1"]
[TimeControl "180+1"]
[Date "2023.08.15"]
[WhiteClock "0:00:00"]
[BlackClock "0:00:08"]
[Board "102"]

1. d4 Nf6 2. c4 g6 3. Nc3 Bg7 4. e4 d6 5. f3 O-O 6. Nge2 c5 7. Be3 Nc6 8. d5 Ne5 9. Ng3 h5 10. Bg5 Nh7 11. Bh4 g5 12. Bxg5 Nxg5 13. f4 Bg4 14. Be2 Nxc4 15. Bxg4 Ne3 16. Qe2 Nxg4 17. Nxh5 Qa5 18. Nxg7 Nxe4 19. O-O Nef6 20. Nf5 Kh7 21. h3 Nh6 22. Nxh6 Kxh6 23. Qxe7 Kg7 24. Rf3 Nh7 25. Qxd6 Rae8 26. f5 Qb4 27. f6+ Kh8 28. Qg3 Qd4+ 29. Qf2 Rg8 30. Rd1 Qe5 31. Qxc5 Ng5 32. Rfd3 Qf5 33. Kh2 Qf4+ 34. Kh1 Qf5 35. Qd4 Re5 36. Qh4+ Nh7 37. Rf3 Qg5 38. Qxg5 Rexg5 39. d6 R5g6 40. Ne4 Rd8 41. d7 Nf8 42. Nd6 Rxd7 43. g4 Kh7 44. Kg2 Ne6 45. Rf5 Ng5 46. h4 Ne4 47. Rfd5 Nxf6 48. R5d4 Rxg4+ 49. Rxg4 Nxg4 50. Kf3 Ne5+ 51. Ke2 Nc6 52. Ne4 Re7 53. Kf3 Ne5+ 54. Ke3 Ng6 55. Kf3 f5 56. Ng5+ Kh6 57. Nh3 Ne5+ 58. Kf4 Ng4 59. Kxf5 Ne3+ 60. Kf6 Nxd1 61. Kxe7 Nxb2 62. Kd6 b5 63. Kc5 a6 64. Nf4 Nc4 65. Kb4 Nd2 66. Ka5 Nb1 67. Ne2 Kh5 68. Kxa6 Kxh4 69. Kxb5 Kg4 70. a4 Kf3 1/2-1/2


[Site "https://www.chess.com"]

[Event "Titled Tuesday Blitz August 15 Late 2023"]
[White "Silvestre, Christian"]
[Black "SmirnovAlexandrA"]
[WhiteFideId "30956269"]
[WhiteElo "2354"]
[BlackElo "2633"]
[Result "0-1"]
[Round "1"]
[TimeControl "180+1"]
[Date "2023.08.15"]
[WhiteClock "0:00:40"]
[BlackClock "0:01:07"]
[Board "103"]

1. e4 d5 2. Nf3 dxe4 3. Ng5 Nf6 4. Bc4 e6 5. Nc3 c5 6. O-O Nc6 7. Re1 Be7 8. a3 O-O 9. Ncxe4 h6 10. Nxf6+ Bxf6 11. Ne4 Be7 12. d3 a6 13. Qh5 b5 14. Ba2 Nd4 15. Bb1 Bb7 16. Be3 Rc8 17. g4 Nf3+ 18. Kf1 Nxe1 19. Kxe1 f5 20. gxf5 exf5 21. Nc3 f4 22. Ba2+ c4 23. Bd2 Bf6 24. Rd1 Qe8+ 25. Qxe8 Rfxe8+ 26. Kf1 g5 27. dxc4 bxc4 28. Na4 Bf3 29. Rb1 Kg7 30. Nb6 Rc6 31. Nxc4 Be2+ 0-1


[Site "https://www.chess.com"]

[Event "Titled Tuesday Blitz August 15 Late 2023"]
[White "Pinheiro, Iung Alicio de O."]
[Black "Bogaudinov, Rushan"]
[WhiteFideId "2104350"]
[BlackFideId "4129288"]
[WhiteElo "2630"]
[BlackElo "2349"]
[Result "1/2-1/2"]
[Round "1"]
[TimeControl "180+1"]
[Date "2023.08.15"]
[WhiteClock "0:00:17"]
[BlackClock "0:00:23"]
[Board "104"]

1. e4 c5 2. Nf3 e6 3. d3 d5 4. Qe2 Nc6 5. g3 Nf6 6. Bg2 Be7 7. O-O O-O 8. e5 Nd7 9. c4 dxc4 10. dxc4 Qc7 11. Bf4 b6 12. Nc3 a6 13. Rad1 Bb7 14. Nd5 exd5 15. cxd5 Ncxe5 16. Nxe5 Nxe5 17. Bxe5 Bd6 18. Bc3 Rae8 19. Qg4 f6 20. Rfe1 Bc8 21. Qh5 Bd7 22. Bh3 Rxe1+ 23. Rxe1 Bxh3 24. Qxh3 Qc8 25. Re6 Re8 26. Qf5 Rxe6 27. dxe6 Be7 28. Qd5 Qd8 29. Qb7 a5 30. a4 h5 31. Kg2 Kh7 32. Qe4+ g6 33. h4 Qd6 34. b3 Kg7 35. Kf3 Qd1+ 36. Kg2 Qd6 37. Bb2 Kh7 38. Bc3 Kg7 1/2-1/2


[Site "https://www.chess.com"]

[Event "Titled Tuesday Blitz August 15 Late 2023"]
[White "Peatman, Carter"]
[Black "Ehlvest, Jaan"]
[WhiteFideId "2096480"]
[BlackFideId "4500016"]
[WhiteElo "2346"]
[BlackElo "2629"]
[Result "0-1"]
[Round "1"]
[TimeControl "180+1"]
[Date "2023.08.15"]
[WhiteClock "0:00:05"]
[BlackClock "0:00:51"]
[Board "105"]

1. d4 Nf6 2. Bf4 e6 3. e3 d5 4. Nf3 Bd6 5. c4 Bxf4 6. exf4 O-O 7. c5 b6 8. cxb6 axb6 9. Nc3 c5 10. g3 Nc6 11. Bb5 Ne7 12. O-O Ba6 13. Qe2 Bxb5 14. Nxb5 Nf5 15. Rfc1 Ne4 16. dxc5 bxc5 17. Nc3 Nxc3 18. Rxc3 Qa5 19. Qc2 c4 20. b3 cxb3 21. Rxb3 Rfd8 22. Qb2 Rdc8 23. a4 h6 24. Rb5 Qc3 25. Qxc3 Rxc3 26. a5 Rxf3 27. a6 Rc3 28. a7 Rcc8 29. Rb7 Nd6 30. Rd7 Nc4 31. Rb1 Na5 32. g4 Nc6 33. Rbb7 Nd8 34. Rb6 d4 35. Rbd6 Nc6 36. g5 Nxa7 37. g6 fxg6 38. Rxe6 Kh8 39. Rxg6 Rg8 40. f5 Nb5 41. Rb6 Nc3 42. Re6 Rad8 43. Ree7 Rxd7 44. Rxd7 Rf8 45. Rxd4 Ne2+ 0-1


[Site "https://www.chess.com"]

[Event "Titled Tuesday Blitz August 15 Late 2023"]
[White "Sivakumar, Shaaketh"]
[Black "Jahnz, Fabian"]
[WhiteFideId "30940176"]
[BlackFideId "4653300"]
[WhiteElo "2623"]
[BlackElo "2338"]
[Result "1-0"]
[Round "1"]
[TimeControl "180+1"]
[Date "2023.08.15"]
[WhiteClock "0:00:16"]
[BlackClock "0:00:03"]
[Board "106"]

1. e4 c6 2. d4 d5 3. e5 Bf5 4. h4 Qc7 5. h5 h6 6. Nf3 e6 7. Be2 c5 8. Be3 Nc6 9. c3 Nge7 10. Nbd2 Nc8 11. a3 Nb6 12. b4 cxb4 13. cxb4 Be7 14. Nh4 Bh7 15. g3 O-O 16. g4 Qd8 17. Ng2 f6 18. f4 fxe5 19. fxe5 Bg5 20. Nf3 Bxe3 21. Nxe3 Rf4 22. Rf1 Rc8 23. Bd3 Bxd3 24. Qxd3 Qf8 25. Ke2 Ne7 26. g5 Nc4 27. gxh6 Nxe3 28. hxg7 Qf5 29. Kxe3 Kxg7 30. Qxf5 Rxf5 31. Kd3 Rxh5 32. Rg1+ Kh6 33. Raf1 Nf5 34. Rc1 Rxc1 35. Rxc1 Rh3 36. Ke2 Rg3 37. Rc7 Rg2+ 38. Kf1 Ra2 39. Rxb7 Rxa3 40. Ke2 Ra2+ 41. Ke1 a5 42. b5 a4 43. Rb6 Ng7 44. Ra6 Rb2 45. b6 a3 46. Rxa3 Rxb6 47. Ke2 Nf5 48. Kd3 Kg6 49. Nd2 Kg5 50. Ra1 Rb4 51. Kc3 Rb6 52. Rg1+ Kf4 53. Rf1+ Kg5 54. Kd3 Ra6 55. Rg1+ Kf4 56. Rf1+ Kg5 57. Kc3 Ra3+ 58. Kb4 Ra2 59. Nf3+ Kg6 60. Rg1+ Kf7 61. Ng5+ Ke7 62. Rh1 Nxd4 63. Rh7+ Ke8 64. Kc5 Rd2 65. Kd6 Kf8 66. Rf7+ Kg8 67. Rf6 Re2 68. Nxe6 Nxe6 69. Kxe6 d4 70. Rf3 Re3 71. Rf2 d3 72. Rd2 Kf8 73. Kd6 Kf7 74. Rf2+ Ke8 75. e6 Re2 76. Rf1 d2 77. Rb1 Kf8 78. Rd1 Ke8 79. Rh1 Kf8 80. Rf1+ Ke8 81. Ra1 Kf8 82. Kd7 Re3 83. Rd1 Re2 84. Rf1+ Kg7 85. e7 Re1 86. e8=Q Rxf1 87. Qe5+ Kg6 88. Qd6+ Kg5 89. Qxd2+ Rf4 90. Ke6 Kg4 91. Qg2+ Kh5 92. Ke5 Rg4 93. Qf3 Kh4 94. Kf5 Rg5+ 95. Kf6 Rg3 96. Qf2 Kh3 97. Kf5 Rg2 98. Qf1 Kg3 99. Qd3+ Kh2 100. Kf4 Kh1 101. Qd1+ Kh2 102. Qh5+ Kg1 103. Ke3 Rg3+ 104. Kf4 Rg2 105. Qc5+ Kh2 106. Kf3 Rg3+ 107. Kf2 Rg2+ 108. Kf1 Rg3 109. Qh5+ Rh3 110. Qe5+ Rg3 111. Kf2 Kh1 112. Kxg3 1-0


[Site "https://www.chess.com"]

[Event "Titled Tuesday Blitz August 15 Late 2023"]
[White "Harish, Neeraj"]
[Black "Di Nicolantonio, Lucas"]
[WhiteFideId "30958130"]
[BlackFideId "680460"]
[WhiteElo "2336"]
[BlackElo "2621"]
[Result "0-1"]
[Round "1"]
[TimeControl "180+1"]
[Date "2023.08.15"]
[WhiteClock "0:00:06"]
[BlackClock "0:00:12"]
[Board "107"]

1. e4 g6 2. d4 Bg7 3. Nc3 d6 4. f4 a6 5. Nf3 b5 6. Bd3 Nd7 7. a4 b4 8. Ne2 c5 9. c3 bxc3 10. bxc3 Qc7 11. O-O Ngf6 12. e5 Nd5 13. Ng5 e6 14. Ne4 dxe5 15. fxe5 O-O 16. Qe1 Bb7 17. Qh4 cxd4 18. cxd4 Nb4 19. Bb1 Qc4 20. Bh6 Qxe2 21. Rf3 Qd1+ 22. Kf2 Qxd4+ 23. Kf1 Qd1+ 24. Kf2 Qd4+ 25. Kf1 Qxa1 26. Ng5 Qxb1+ 27. Kf2 Qc2+ 28. Kg3 Bxe5+ 29. Kh3 Bxf3 30. gxf3 Qf5+ 31. Kg2 Rfc8 32. Bf8 Rc2+ 33. Kh1 h5 0-1


[Site "https://www.chess.com"]

[Event "Titled Tuesday Blitz August 15 Late 2023"]
[White "Papayan, Oleg"]
[Black "Carrasco Miranda, Andres"]
[WhiteFideId "4193911"]
[BlackFideId "3405990"]
[WhiteElo "2618"]
[BlackElo "2331"]
[Result "1-0"]
[Round "1"]
[TimeControl "180+1"]
[Date "2023.08.15"]
[WhiteClock "0:02:48"]
[BlackClock "0:01:49"]
[Board "108"]

1. e4 e5 2. Nf3 Nc6 3. Bb5 Nf6 4. O-O Nxe4 5. Re1 Nd6 6. Nxe5 Be7 7. Bf1 Nxe5 8. Rxe5 O-O 9. d4 Bf6 10. Bd3 Bxe5 11. dxe5 Ne8 12. Nc3 d6 13. Qh5 g6 14. Qh6 dxe5 15. Bg5 Qd6 16. Ne4 Qb6 17. Be7 Ng7 18. Ng5 1-0


[Site "https://www.chess.com"]

[Event "Titled Tuesday Blitz August 15 Late 2023"]
[White "UgarteCesar"]
[Black "Mendez Fortes, Eduardo Jesus"]
[BlackFideId "3502376"]
[WhiteElo "2331"]
[BlackElo "2616"]
[Result "0-1"]
[Round "1"]
[TimeControl "180+1"]
[Date "2023.08.15"]
[WhiteClock "0:00:06"]
[BlackClock "0:00:43"]
[Board "109"]

1. d4 Nf6 2. Nf3 d5 3. e3 c5 4. Bd3 e6 5. O-O b6 6. b3 Bd6 7. Bb2 O-O 8. Nbd2 Nc6 9. a3 Bb7 10. Qe2 Rc8 11. Rfd1 Qe7 12. c4 Rfd8 13. dxc5 bxc5 14. Rac1 d4 15. exd4 cxd4 16. Nxd4 Nxd4 17. Bxd4 Bxa3 18. Bxf6 Qxf6 19. Ra1 Qe7 20. Nf3 Bc5 21. h4 h6 22. Bc2 Qf6 23. h5 Qf4 24. Qe5 Qxe5 25. Nxe5 Bd4 26. Rxd4 Rxd4 27. Rxa7 Rb8 28. Nd3 Be4 29. Ne1 Bxc2 30. Nxc2 Rd2 31. Na3 Rxb3 32. Nb5 Rb1+ 33. Kh2 Rxf2 34. Nd6 Rbb2 35. c5 Rxg2+ 36. Kh1 Rgf2 37. Ra1 Rh2+ 38. Kg1 Rbg2+ 39. Kf1 Rg5 40. c6 Rh1+ 0-1


[Site "https://www.chess.com"]